 Seeded DCSS version 0.29-a0-334-gb41bcbb86e (webtiles) character file.

Game seed: 16680347543535142200 (custom seed)

9 zeratav the Insei (level 2, 18/18 HPs)
             Began as an Octopode Transmuter on Apr 14, 2022.
             Was a Follower of Yredelemnul.
             Quit the game on level 1 of the Dungeon.
             The game lasted 00:00:57 (773 turns).

zeratav the Insei (Octopode Transmuter)              Turns: 773, Time: 00:00:58

Health: 18/18      AC:  1    Str:  9    XL:     2   Next: 12%
Magic:  5/5        EV: 13    Int: 15    God:    Yredelemnul [*.....]
Gold:   28         SH:  0    Dex: 12    Spells: 4/5 levels left

rFire   . . .      SeeInvis .     - Unarmed
rCold   . . .      Faith    .   (no shield)
rNeg    . . .      Spirit   .   (helmet restricted)
rPois   .          Reflect  .   (no amulet)
rElec   .          Harm     .   (no ring)
rCorr   .          Rampage  .   (no ring)
Will    .....                   (no ring)
Stlth   ++........              (no ring)
HPRegen 0.06/turn               (no ring)
MPRegen 0.09/turn               (no ring)
                                (no ring)
                                (no ring)

@: no status effects
A: almost no armour, amphibious, 8 rings, camouflage 1, gelatinous body 1,
(nimble swimmer 1), tentacles
a: Renounce Religion, Recall Undead Harvest


You were on level 1 of the Dungeon.
You worshipped Yredelemnul.
Yredelemnul was noncommittal.
You visited 1 branch of the dungeon, and saw 1 of its levels.

You collected 28 gold pieces.


Innate Abilities, Weirdness & Mutations

You cannot wear most types of armour.
You are amphibious.
You can wear up to eight rings at the same time.
Your skin changes colour to match your surroundings (Stealth+).
Your rubbery body absorbs attacks. (AC +1, EV +1)
((You are camouflaged when in or above water. (Stealth+)))
You have tentacles for arms and can constrict up to eight enemies at once.


   Skills:
 + Level 1.2 Fighting
 + Level 2.1 Dodging
 + Level 0.9 Stealth
 * Level 3.2 Unarmed Combat
 - Level 2.0 Spellcasting
 - Level 2.0 Transmutations


You had 4 spell levels left.
You knew the following spells:

 Your Spells              Type           Power      Damage    Failure   Level
a - Beastly Appendage     Tmut           14%        N/A       10%         1

Your spell library contained the following spells:

 Spells                   Type           Power      Damage    Failure   Level
 Wereblood                Tmut           7%         N/A       14%         2
 Spider Form              Tmut/Pois      4%         N/A       41%         3
 Ozocubu's Armour         Ice            1%         N/A       54%         3
 Ice Form                 Ice/Tmut       4%         N/A       82%         4
 Olgreb's Toxic Radiance  Pois           1%         N/A       91%         4
 Simulacrum               Ice/Necr       0%         N/A       100%        6

Inventory:

Scrolls
 b - 2 scrolls of teleportation {unknown}
 e - a scroll of enchant armour {unknown}
 g - a scroll of fear {unknown}
Potions
 a - a potion of lignification {!q}
 c - a potion of attraction {unknown}
 d - 2 potions of curing {unknown}
 f - a potion of might {unknown}

Dungeon Overview and Level Annotations

Branches:
Dungeon (1/15)

Altars:
Yredelemnul

#### ############ #..##
#.(.......). ##..##
#####.##########
##..#####P##..########
#.....#P.)####..#...## ########
##..###.Z.P#P.P......## ##......#
##.##♣ZPP.##.#.......#
........### #.##@.≈≈..#.#.......#
..#.#.....###.##♣[Z≈.#.P#.......#
.#...#....##...##.Z.P#P##......##
.............##.#P..#####.......#
..#.#.....#####.##P###.##.......#
.#.[...##.## #..### #.##.......#
...........# ##.# #.###.....##
.##.....##.### #.### #........##
.##..#####...###...#########.###


You could see a friendly bat zombie, a friendly ball python zombie, a friendly
adder zombie and a friendly quokka zombie.


Message History

You now have 18 max hp (+5).
You regained 4 hp, and now have 15/18 hp.
Your transformation is almost over.
Your tentacle spike disappears.
e - a scroll labelled FUISTR LOSAFICW HP[+3] MP[+2]
Your hp is fully restored (18).
Your mp is fully restored (5).
You see here 15 stones {throwing}.
Found a stone staircase leading down.
There is a stone staircase leading down here.
You see here a +0 dagger {short}.
You see here a +0 dagger {short}.
You pick up the Grimoire of Cold and Envenoming and begin reading...
You add the spells Ozocubu's Armour, Olgreb's Toxic Radiance and Simulacrum to your library.
You now have 28 gold pieces (gained 2).
You see here a +0 short sword {short}.
A rat comes into view.
A rat is nearby!
One of your tentacles grows a vicious spike.
MP[-1]
You lost 1 mp, and now have 4/5 mp.
Your transformation is almost over.
The rat bites you but does no damage.
You tentacle-slap the rat.
You kill the rat!
No target in view!
No target in view!
No target in view!
No target in view!
No target in view!
No target in view!
No target in view!
No target in view!
No target in view!
No target in view!
No target in view!
No target in view!
Things that are here:
15 stones {throwing}; a rat corpse; MP[+1]
Your mp is fully restored (5).
Your tentacle spike disappears.
Things that are here:
15 stones {throwing}; a rat corpse You see here a +0 short sword {short}.
A goblin comes into view. It is wielding a +0 dagger.
One of your tentacles grows a vicious spike.
The goblin shouts!
MP[-1]
You lost 1 mp, and now have 4/5 mp.
The goblin barely misses you.
You barely miss the goblin. You grab the goblin. You constrict the goblin.
The goblin hits you with a +0 dagger.
You tentacle-slap the goblin.
You pierce the goblin.
You kill the goblin!
No target in view!
HP[-1]
You take 1 damage, and now have 17/18 hp.
No target in view!
No target in view!
No target in view!
No target in view!
No target in view!
No target in view!
No target in view!
No target in view!
No target in view!
No target in view!
No target in view!
No target in view!
No target in view!
No target in view!
Your transformation is almost over.
Things that are here:
a +0 dagger {short}; a goblin corpse; HP[+1] MP[+1]
Your hp is fully restored (18).
Your mp is fully restored (5).
Your tentacle spike disappears.
f - a ruby potion
g - a scroll labelled PUERI TAUNYMPU
Found a faded altar of an unknown god.
Things that are here:
a +0 robe; a human skeleton
Things that are here:
a +0 dagger {short}; a goblin corpse Key pressed, stopping explore.
d - 2 inky potions (gained 1) Done exploring.
Done exploring.
Done exploring.
Search for what [? for help]? altar
Things that are here:
a +0 dagger {short}; a goblin skeleton
There is a faded altar of an unknown god here.
You cannot tell which god this altar belongs to.
Convert to them anyway?
Okay, then.
You cannot tell which god this altar belongs to.
Convert to them anyway?
Yredelemnul accepts your prayer! Yredelemnul welcomes you!
You can now reap souls.
You can now recall your undead harvest.
Are you sure you want to abandon this character and quit the game? (Confirm with "yes".)

Action                   || total
-------------------------++-------
Melee: Unarmed           ||    12
       Constrict         ||     5
       Kick              ||     5
       Tentacles         ||     3
 Cast: Beastly Appendage ||     6
 Stab: Sleeping          ||     1
Armor: Skin              ||     3
Dodge: Dodged            ||     7

Levels and vault maps discovered:
D:1:      lemuel_arrival_funnel, layout_rooms,
          dreamdust_ecumenical_altar_hidden_monk_grotto,
          hangedman_abyss_or_decor_lesser_grid

Notes
Turn   | Place    | Note
-------+----------+-------------------------------------------
     0 | D:1      | zeratav the Octopode Transmuter began the quest for the
                  | Orb.
     0 | D:1      | Reached XP level 1. HP: 13/13 MP: 3/3
     0 | D:1      | magus.rc [v1.9.6]
   235 | D:1      | Reached XP level 2. HP: 15/18 MP: 3/5
   394 | D:1      | You add the spells Ozocubu's Armour, Olgreb's Toxic
                  | Radiance and Simulacrum to your library.
   394 | D:1      | Got the Grimoire of Cold and Envenoming
   541 | D:1      | Found a faded altar of an unknown god.
   772 | D:1      | Prayed at the altar of an unknown god.
   772 | D:1      | Became a worshipper of Yredelemnul the Dark
   772 | D:1      | Reached * piety under Yredelemnul
   773 | D:1      | Quit the game

Vanquished Creatures
  A ball python (D:1)
  2 goblins (D:1)
  A hobgoblin (D:1)
  A kobold (D:1)
  2 bats (D:1)
  A rat (D:1)
8 creatures vanquished.

Table legend:
 A = Non-vault XP
 B = Vault XP
 C = Vault XP percentage of total XP
 D = Non-vault monster count
 E = Vault monster count
 F = Vault count percentage of total count
                 A         B        C        D         E       F
            +---------+---------+-------+---------+---------+-------
      Total |      13 |       0 |   0.0 |       8 |       0 |   0.0
            +---------+---------+-------+---------+---------+-------
        D:1 |      13 |       0 |   0.0 |       8 |       0 |   0.0
            +---------+---------+-------+---------+---------+-------

Illustrated notes

Table legend:
 A = Kills in this place as a percentage of kills in entire the game.
 B = Kills by you in this place as a percentage of kills by you in the entire game.
 C = Kills by friends in this place as a percentage of kills by friends in the entire game.
 D = Other kills in this place as a percentage of other kills in the entire game.
 E = Experience gained in this place as a percentage of experience gained in the entire game.
 F = Experience gained in this place divided by the number of levels of this place that you have seen.
                   A       B       C       D       E      F
               +-------+-------+-------+-------+-------+----------------------
         Total | 100.0 | 100.0 |   N/A |   N/A | 100.0 |  13.0
       Dungeon | 100.0 | 100.0 |   N/A |   N/A | 100.0 |  13.0
               +-------+-------+-------+-------+-------+----------------------

Table legend: (Time is in decaauts)
 A = Elapsed time spent in this place.
 B = Non-inter-level travel time spent in this place.
 C = Inter-level travel time spent in this place.
 D = Time resting spent in this place.
 E = Time spent auto-exploring this place.
 F = Levels seen in this place.
 G = Mean time per level.
                   A        B        C        D        E       F      G
               +--------+--------+--------+--------+--------+-----+--------+
         Total |    772 |    694 |     78 |      0 |    636 |   1 |  772.0 |
       Dungeon |    772 |    694 |     78 |      0 |    636 |   1 |  772.0 |
               +--------+--------+--------+--------+--------+-----+--------+

Top non-repeatable levels by time:
     D:1: 772 daAuts
